 Dungeon Crawl Stone Soup version 0.29.1-1-gd02db6906a (webtiles) character file.

Game seed: 11243360324764049052

5 Aibolit the Sneak (level 1, 7/7 HPs)
             Began as a Felid Venom Mage on Sept 24, 2022.
             Quit the game on level 1 of the Dungeon.
             The game lasted 00:00:59 (80 turns).

Aibolit the Sneak (Felid Venom Mage)                  Turns: 80, Time: 00:00:59

Health: 7/7        AC:  1    Str:  4    XL:     1   Next: 66%
Magic:  0/4        EV: 17    Int: 16    God:
Gold:   0          SH:  0    Dex: 16    Spells: 3/4 levels left
                                        Lives:  0   Deaths: 0

rFire   . . .      SeeInvis +   (weapon unavailable)
rCold   . . .      Faith    .   (shield unavailable)
rNeg    . . .      Spirit   .   (body armour unavailable)
rPois   .          Reflect  .   (helmet unavailable)
rElec   .          Harm     .   (cloak unavailable)
rCorr   .          Rampage  .   (gloves unavailable)
Will    .....                   (boots unavailable)
Stlth   ++........              (no amulet)
HPRegen 0.02/turn               (no ring)
MPRegen 0.09/turn               (no ring)

@: very slightly contaminated, quick
A: very small, claws 1, fangs 3, see invisible, speed 1, shaggy fur 1, stealthy
paws, no weapons or thrown items, no armour, multi-lived
a: no special abilities


You were on level 1 of the Dungeon.
You visited 1 branch of the dungeon, and saw 1 of its levels.

Inventory:

Scrolls
 b - a scroll of fog {unknown}
Potions
 a - a potion of magic


   Skills:
 + Level 2.9 Dodging
 + Level 3.0 Stealth
 + Level 2.0 Spellcasting
 + Level 1.1 Transmutations
 + Level 2.8 Poison Magic


You had 3 spell levels left.
You knew the following spells:

 Your Spells              Type           Power      Damage    Failure   Level
a - Sting                 Tmut/Pois      28%        1d4       10%         1

Your spell library contained the following spells:

 Spells                   Type           Power      Damage    Failure   Level
 Poisonous Vapours        Pois/Air       12%        N/A       19%         2
 Mephitic Cloud           Conj/Pois/Air  4%         N/A       38%         3
 Olgreb's Toxic Radiance  Pois           10%        N/A       54%         4


Dungeon Overview and Level Annotations

Branches:
Dungeon (1/15)

Altars:

Shops:
D:1 *


Innate Abilities, Weirdness & Mutations

You have sharp claws.
You have razor-sharp teeth.
You have supernaturally acute eyesight. (SInv)
You cover ground quickly. (Speed+)
You are covered in fur. (AC +1)
Your paws help you pounce on unaware monsters.
You are incapable of wielding weapons or throwing items.
You cannot wear armour.
You gain extra lives every three experience levels.


Message History

A jackal comes into view.
You kill the endoplasm!
Your Stealth skill increases to level 3!
An endoplasm comes into view.
Found 2 stones.
The jackal barks!
A jackal comes into view.
The jackal barks!
The endoplasm quivers.
Aiming: Sting (safe; 10% risk of failure)
Press: ? - help, Q - select action Shift-Dir - straight line
Okay, then.
A jackal comes into view.
Aiming: Sting (safe; 10% risk of failure)
Press: ? - help, Q - select action Shift-Dir - straight line, f - endoplasm
Aim: an endoplasm (97% to hit)
The sting hits the endoplasm but does no damage.
The endoplasm is poisoned.
The jackal barks!
Aiming: Sting (safe; 10% risk of failure)
Press: ? - help, Q - select action Shift-Dir - straight line The endoplasm looks more healthy.
You don't have enough magic to cast this spell.
You don't have enough magic to cast this spell.
Found an emerald potion.
Found a scroll labelled VEGO FYS EGGE.
Found Pareimeom's Assorted Antiques.
You don't have enough magic to cast this spell.
Aiming: Sting (safe; 10% risk of failure)
Press: ? - help, Q - select action Shift-Dir - straight line, f - jackal
Aim: a jackal (60% to hit)
You miscast Sting.
You are very lightly contaminated with residual magic.
Nothing appears to happen.
Found a dagger.
The jackal misses you.
Unknown command.
You scratch the jackal.
The jackal is lightly wounded.
The jackal closely misses you.
Are you sure you want to abandon this character and quit the game? (Confirm with "yes".)

..##..##.......# ##..##
#####.##.J.....#
....... ###
#.##.......# ..PP..#
..###..#.......#+.P∩..#
....##†###.........PP.#
#...##.###...hJ......)#
.....#..##.....h....##
.....##.##.....h.....#
##....#.##.!....@....#
####...##.......?...#
#....##...........# .
#...#.##..........##
......#.##..........#
....###...#######+###
#.## ###. #. #. .


You could see 2 endoplasms and 3 jackals.

Vanquished Creatures
  An endoplasm (D:1)
  2 giant cockroaches (D:1)
  A hobgoblin (D:1)
4 creatures vanquished.

Notes
Turn   | Place    | Note
-------+----------+-------------------------------------------
     0 | D:1      | Aibolit the Felid Venom Mage began the quest for the Orb.
     0 | D:1      | Reached XP level 1. HP: 7/7 MP: 4/4
    54 | D:1      | Reached skill level 3 in Stealth
    73 | D:1      | Found Pareimeom's Assorted Antiques.
    80 | D:1      | Quit the game

Illustrated notes

Levels and vault maps discovered:
D:1:      dpeg_arrival_arbitrary_b, layout_basic, serial_shops,
          nicolae_shop_overgrown_old_shop, minmay_worlds_worst_comb

Skill      XL: |  1 |
---------------+----+-----
Stealth        | 3 |  3.0
Dodging        | |  2.9
Spellcasting   | |  2.0
Transmutations | |  1.1
Poison Magic   | |  2.8

Action                   || total
-------------------------++-------
Melee: Unarmed           ||     1
 Cast: Sting             ||     7
Dodge: Dodged            ||     2
